Map: 2000 Atmospheres LE

Players

TriGGeR

  • Race: Protoss Protoss
  • League: Grandmaster

Scarlett - Winner!

  • Race: Zerg Zerg

Event: DreamHack SC2 Masters 2021 Summer

VOD

Have the link to the VOD?

Description

Time

  • Played on: June 4, 2021, 5:22 p.m.
  • Length: 8:30

All games in this series

Show
View Real Time Build Order
Export as new Build Order

TriGGeR Protoss 

Build Orders: 1 Gate Expand 

Get SALT Encoding   

  12  0:00  Probe  
  13  0:12  Probe  
  14  0:19  Pylon  
  14  0:24  Probe  
  15  0:37  Probe (Chrono Boost)  
  15  0:38  Gateway  
  16  0:46  Probe (Chrono Boost), Assimilator  
  17  0:51  Probe (Chrono Boost)  
  18  1:03  Probe  
  19  1:15  Probe  
  20  1:22  Nexus  
  20  1:27  Probe  
  21  1:36  Cybernetics Core  
  21  1:39  Probe  
  22  1:44  Assimilator  
  22  1:50  Pylon  
  22  1:54  Probe  
  23  2:08  Probe  
  23  2:10  Adept (Chrono Boost)  
  23  2:11  Warp Gate (Chrono Boost)  
  26  2:20  Probe  
  27  2:23  Stargate  
  27  2:31  Adept  
  27  2:34  Probe (Chrono Boost)  
  31  2:38  Probe (Chrono Boost)  
  31  2:43  Probe (Chrono Boost)  
  32  2:46  Probe (Chrono Boost)  
  32  2:48  Probe (Chrono Boost)  
  34  2:57  Probe  
  35  2:59  Void Ray (Chrono Boost)  
  35  3:00  Probe  
  36  3:09  Probe  
  36  3:11  Pylon  
  41  3:14  Probe  
  41  3:19  Gateway  
  42  3:23  Probe  
  42  3:26  Probe  
  44  3:32  Void Ray (Chrono Boost)  
  44  3:35  Probe  
  44  3:38  Probe  
  50  3:46  Nexus  
  51  3:48  Probe  
  51  3:55  Probe  
  52  3:57  Stalker  
  52  4:00  Probe  
  52  4:03  Pylon  
  52  4:07  Probe  
  51  4:10  Twilight Council  
  51  4:12  Probe  
  51  4:16  Pylon  
  52  4:19  Probe  
  52  4:21  Robotics Facility  
  53  4:24  Probe  
  52  4:31  Probe  
  52  4:34  Gateway  
  52  4:36  Gateway  
  52  4:37  Probe  
  54  4:40  Gateway x2  
  54  4:43  Probe  
  55  4:49  Pylon  
  55  4:51  Stalker  
  56  4:54  Probe  
  56  4:57  Probe  
  53  5:00  Probe  
  53  5:06  Probe  
  50  5:09  Probe (Chrono Boost)  
  48  5:14  Probe (Chrono Boost)  
  48  5:20  Probe (Chrono Boost)  
  51  5:21  Probe (Chrono Boost)  
  51  5:22  Stalker  
  51  5:24  Shield Battery  
  51  5:26  Probe (Chrono Boost)  
  54  5:30  Probe (Chrono Boost)  
  54  5:31  Probe (Chrono Boost)  
  54  5:34  Probe (Chrono Boost)  
  57  5:36  Probe (Chrono Boost)  
  57  5:40  Probe (Chrono Boost)  
  57  5:41  Probe (Chrono Boost)  
  60  5:47  Assimilator  
  60  5:49  Forge  
  61  5:51  Probe (Chrono Boost), Assimilator  
  61  5:52  Probe (Chrono Boost)  
  61  5:54  Probe (Chrono Boost)  
  63  5:57  Probe (Chrono Boost)  
  63  5:58  Observer (Chrono Boost)  
  63  5:59  Probe (Chrono Boost)  
  63  6:02  Assimilator  
  67  6:05  Probe (Chrono Boost)  
  67  6:07  Probe (Chrono Boost)  
  67  6:08  Assimilator  
  69  6:15  Probe x2 (Chrono Boost)  
  69  6:16  Probe (Chrono Boost), Immortal (Chrono Boost)  
  75  6:21  Probe (Chrono Boost)  
  75  6:23  Probe x2 (Chrono Boost)  
  75  6:25  Gateway, Protoss Ground Weapons Level 1 (Chrono Boost)  
  78  6:26  Gateway, Photon Cannon  
  78  6:28  Probe  
  78  6:29  Shield Battery  
  79  6:33  Probe  
  79  6:36  Probe  
  81  6:40  Probe  
  81  6:42  Charge  
  81  6:43  Gateway  
  81  6:45  Gateway  
  82  6:52  Immortal (Chrono Boost)  
  81  6:56  Shield Battery  
  81  6:58  Shield Battery  
  81  6:59  Photon Cannon  
  81  7:00  Sentry x2  
  89  7:04  Shield Battery  
  89  7:08  Gateway  
  89  7:11  Shield Battery  
  89  7:14  Pylon  
  89  7:18  Pylon  
  89  7:21  Templar Archives  
  89  7:24  Immortal  
  93  7:32  Pylon  
  93  7:38  Zealot x4  
  93  7:39  Zealot  
  103  7:46  Robotics Bay  
  93  7:56  Zealot x2  
  91  8:00  Zealot  
  91  8:01  Zealot x4  
  101  8:08  Photon Cannon  
  101  8:09  Photon Cannon, Shield Battery  
  97  8:13  High Templar  
  97  8:14  Pylon  
  97  8:17  Zealot x2  
  95  8:22  Zealot  
  95  8:23  Zealot  
Show
View Real Time Build Order
Export as new Build Order

Scarlett Zerg - Winner!

Build Orders: Hatch First, Swarm Host 

Get SALT Encoding   

  12  0:00  Drone  
  13  0:12  Overlord  
  13  0:16  Drone  
  14  0:30  Drone x2  
  16  0:47  Hatchery  
  15  0:51  Drone  
  15  0:55  Drone  
  17  0:58  Drone  
  18  1:09  Extractor  
  17  1:13  Spawning Pool  
  17  1:16  Drone  
  17  1:20  Drone  
  18  1:28  Drone  
  19  1:38  Drone  
  20  1:49  Drone  
  21  2:00  Queen x2, Zergling x2  
  21  2:01  Overlord  
  26  2:10  Drone  
  26  2:11  Drone  
  26  2:13  Metabolic Boost  
  28  2:21  Drone x2  
  30  2:36  Hatchery  
  30  2:37  Zergling x2  
  30  2:39  Drone  
  30  2:42  Drone  
  32  2:46  Queen  
  32  2:50  Overlord  
  34  2:57  Drone x2  
  36  3:08  Zergling x2  
  36  3:09  Drone, Zergling x2  
  36  3:10  Drone x4  
  43  3:14  Overlord  
  43  3:18  Zergling x2  
  44  3:23  Overlord  
  44  3:32  Queen  
  44  3:33  Drone  
  47  3:35  Overlord  
  47  3:41  Drone  
  47  3:42  Drone x3  
  51  3:51  Zergling x4  
  51  4:00  Zergling x10  
  51  4:01  Queen  
  59  4:04  Drone  
  59  4:09  Queen  
  59  4:11  Drone x2  
  59  4:14  Drone x3  
  59  4:16  Spore Crawler  
  65  4:19  Drone  
  65  4:20  Overlord  
  66  4:26  Overlord  
  65  4:32  Lair  
  65  4:33  Drone x2, Overlord  
  65  4:37  Extractor  
  64  4:38  Extractor  
  64  4:40  Drone x4  
  64  4:41  Evolution Chamber  
  64  4:43  Drone x4  
  70  4:55  Drone x4, Roach Warren  
  72  5:01  Drone  
  72  5:04  Drone x6  
  78  5:10  Drone x2  
  78  5:12  Zerg Missile Weapons Level 1  
  77  5:14  Extractor  
  77  5:15  Extractor  
  77  5:16  Drone  
  77  5:17  Extractor  
  73  5:23  Queen x2  
  73  5:25  Drone x3  
  80  5:29  Drone x2  
  80  5:31  Drone x2  
  80  5:32  Drone x3, Infestation Pit  
  86  5:36  Overlord x2  
  86  5:40  Queen  
  88  5:44  Glial Reconstitution  
  88  5:45  Roach  
  88  5:47  Overlord  
  88  5:48  Overseer  
  90  5:54  Zergling x2  
  90  5:55  Zergling x2, Roach x3  
  98  6:02  Roach x4  
  106  6:09  Roach x4  
  114  6:12  Overlord  
  114  6:13  Overlord  
  114  6:29  Overlord x2  
  114  6:32  Swarm Host x5  
  113  6:35  Overlord x2  
  113  6:37  Overlord x2  
  128  6:52  Swarm Host x7  
  149  6:55  Swarm Host  
  149  6:59  Overlord x3  
  152  7:01  Roach  
  152  7:02  Roach  
  152  7:03  Ravager  
  152  7:08  Roach x3  
  162  7:13  Zergling x8  
  166  7:22  Hatchery  
  165  7:23  Roach x2  
  165  7:29  Roach x3  
  175  7:34  Roach x4  
  175  7:36  Ravager  
  184  7:45  Roach x3  
  184  7:46  Roach x3  
  196  7:54  Roach x3  
  196  8:06  Ravager  
Tags
 
Add a new tag
Caveats
  • Supply blocks, unpowered buildings, or Contaminate may cause inaccurate times.
  • Supply counts are checked every 10 seconds.